AoeStats
← 一剑扫秋风nelson

African Clearing

504160451Analyzed
3v3 RM · 29d ago on Sep 4, 2026· 31m 51s· 6 players
Game mode
Random Map
Map size
Normal (6 player)
Population
200
Speed
Normal
Resources
Standard
Victory
Conquest
Starting age
Dark Age
Ending age
Imperial Age
RankedLock teamsTeams togetherTeam positionsShared explorationLock speedFull tech treeHidden civsTurbo modeCheats
Victory
Defeat
🇨🇳 Mapuche · China
1786
+4
🇦🇺 Huns · Australia
1653
+7
🇦🇷 Magyars · Argentina
1542
+10
🇲🇽 Spanish · Mexico
1485
-9
🇲🇽 Magyars · Mexico
1462
-8
🇲🇽 Franks · Mexico
1336
-4
Tequila Sunset
11:19 Feudal Age
12:58 Loom
13:37 Scale Barding Armor
15:53 Double-Bit Axe
23:05 Town Watch
25:10 Bloodlines
一剑扫秋风nelson
6:12 Loom
13:39 Feudal Age
19:39 Castle Age
20:16 Town Watch
28:10 Fletching
31:26 Bodkin Arrow
31:45 Padded Archer Armor
Mau5
10:18 Loom
12:46 Feudal Age
14:27 Double-Bit Axe
17:01 Castle Age
18:03 Bow Saw
19:31 Horse Collar
25:00 Ballistics
24:56 Bloodlines
24:47 Husbandry
24:46 Fletching
25:11 Husbandry
25:22 Bodkin Arrow
28:00 Thumb Ring
32:13 Imperial Age
30:30 Gold Mining
31:45 Padded Archer Armor
GDL Paquita Industrial
4:41 Loom
14:27 Feudal Age
18:28 Castle Age
16:59 Double-Bit Axe
19:44 Bow Saw
23:31 Horse Collar
29:28 Town Watch
30:24 Fletching
[GDL] Pardox
8:37 Loom
13:45 Feudal Age
14:20 Double-Bit Axe
16:34 Town Watch
19:51 Wheelbarrow
19:27 Scale Mail Armor
21:32 Wheelbarrow
24:23 Castle Age
[GDL] ColimoteStudioS
2:49 Loom
12:25 Feudal Age
13:04 Double-Bit Axe
17:27 Forging
25:35 Castle Age
26:28 Scale Barding Armor
27:25 Wheelbarrow
30:17 Fletching
Connection lost

Rejoining the realm…

Still unreachable

The connection could not be restored.

Session expired

The server has moved on; the page needs a fresh start.